 Seeded DCSS version 0.29.1-15-g9cfb28693d (webtiles) character file.

Game seed: 6320845443627075161 (custom seed)

2821 Psyclone the Magician (level 9, -8/55 HPs)
             Began as a Deep Elf Fire Elementalist on Sept 29, 2023.
             Mangled by a wight
             ... wielding a +1 halberd of freezing
              (15 damage)
             ... on level 7 of the Dungeon.
             The game lasted 00:21:19 (7163 turns).

Psyclone the Magician (Deep Elf Fire Elementalist)  Turns: 7163, Time: 00:21:20

Health: -8/55      AC:  5    Str:  9    XL:     9   Next: 45%
Magic:  1/30       EV: 14    Int: 31    God:
Gold:   548        SH:  0    Dex: 15    Spells: 3/22 levels left

rFire   x . .      SeeInvis .   F - +4 dagger
rCold   . . .      Faith    .   (no shield)
rNeg    + + +      Spirit   .   a - +0 robe
rPois   .          Reflect  .   e - +1 hat {Stlth+}
rElec   .          Harm     .   (no cloak)
rCorr   .          Rampage  .   E - +0 pair of gloves
Will    .....                   D - +0 pair of boots
Stlth   +++.......              (no amulet)
HPRegen 0.18/turn               d - ring "Gaklaom" {Fly rF- rN+++ Str+4 Int+6}
MPRegen 0.22/turn               l - ring of magical power

@: flying
A: no striking features
a: no special abilities


You were on level 7 of the Dungeon.
You visited 1 branch of the dungeon, and saw 7 of its levels.

You collected 1228 gold pieces.
You spent 680 gold pieces at shops.

Inventory:

Hand Weapons
 F - a +4 dagger (weapon)
Armour
 a - a +0 robe (worn)
 e - a +1 hat of stealth (worn)
 D - a +0 pair of boots (worn)
 E - a +0 pair of gloves (worn)
Jewellery
 d - the ring "Gaklaom" (left hand) {Fly rF- rN+++ Str+4 Int+6}
   (You acquired it on level 2 of the Dungeon)

   [ring of intelligence]

   Str:       It affects your strength (+4).
   Int:       It affects your intelligence (+6).
   rF:        It makes you vulnerable to fire.
   rN:        It renders you almost immune to negative energy.
   Fly:       It grants you flight.
 l - a ring of magical power (right hand)
 x - a +6 ring of dexterity
 C - a ring of willpower
Wands
 o - a wand of flame (42)
 s - a wand of mindburst (9)
 B - a wand of digging (5)
Scrolls
 h - 5 scrolls of teleportation {unknown}
 i - 2 scrolls of magic mapping {unknown}
 k - 4 scrolls of identify {unknown}
 n - 2 scrolls of vulnerability {unknown}
 p - a scroll of blinking
 r - 2 scrolls of noise {unknown}
 u - 2 scrolls of amnesia {unknown}
 v - a scroll of enchant weapon {unknown}
 y - a scroll of poison {unknown}
 z - a scroll of brand weapon {unknown}
 A - a scroll of silence {unknown}
 G - a scroll of enchant armour {unknown}
Potions
 b - a potion of magic
 c - 10 potions of curing {unknown}
 f - 2 potions of haste {unknown}
 g - 3 potions of brilliance {unknown}
 j - 2 potions of resistance {unknown}
 m - 3 potions of flight {unknown}
 q - 2 potions of might {unknown}
 t - 2 potions of lignification {unknown}
 w - a potion of degeneration {unknown}
 H - a potion of attraction {unknown}


   Skills:
 - Level 6.0 Fighting
 - Level 6.0 Dodging
 - Level 2.4 Stealth
 + Level 7.2 Spellcasting
 - Level 1.1 Conjurations
 + Level 5.2 Transmutations
 + Level 5.2 Fire Magic
 - Level 6.0 Poison Magic


You had 3 spell levels left.
You knew the following spells:

 Your Spells              Type           Power      Damage    Failure   Level
a - Foxfire               Conj/Fire      100%       2x1d9     1%          1
c - Conjure Flame         Conj/Fire      30%        6-21      3%          3
d - Mephitic Cloud        Conj/Pois/Air  25%        N/A       4%          3
e - Inner Flame           Hex/Fire       27%        N/A       4%          3
s - Ignite Poison         Fire/Tmut/Pois 45%        N/A       1%          3
v - Poisonous Vapours     Pois/Air       58%        N/A       1%          2
x - Olgreb's Toxic Radia  Pois           48%        N/A       3%          4

Your spell library contained the following spells:

 Spells                   Type           Power      Damage    Failure   Level
 Sting                    Tmut/Pois      100%       1d8       1%          1
 Scorch                   Fire           86%        2d9       1%          2
 Magic Dart               Conj           72%        1d6       2%          1
 Freeze                   Ice            44%        1d6       4%          1
 Searing Ray              Conj           36%        2d5       4%          2
 Frozen Ramparts          Ice            22%        1d4       13%         3
 Summon Guardian Golem    Hex/Summ       11%        N/A       13%         3
 Flame Wave               Conj/Fire      30%        2d9       12%         4
 Fulminant Prism          Conj/Hex       7%         3d7       34%         4
 Hailstorm                Conj/Ice       14%        3d5       34%         4
 Freezing Cloud           Conj/Ice/Air   6%         6-21      71%         5
 Orb of Destruction       Conj           9%         9d6       100%        7
 Spellforged Servitor     Conj/Summ      7%         N/A       100%        7


Dungeon Overview and Level Annotations

Branches:
Dungeon (7/15) Zot: 26485
 Temple: D:4-7

Altars:
Dithmenos
Elyvilon
Gozag
Hepliaklqana
Qazlal
Ru
Uskayaw
Wu Jian
Xom

Shops:
D:2 :

Annotations:
D:3 1 runed translucent door, 1 exclusion


Message History

The wight is moderately damaged.
The foxfire hits the wight but does no damage.
The wight is moderately damaged.
Casting: Foxfire (safe; 1% risk of failure)
Confirm with . or Enter, or press ? or * to list all spells.
You conjure some foxfire!
The foxfire hits the wight but does no damage.
The wight is moderately damaged.
The foxfire hits the wight but does no damage.
The wight is moderately damaged.
A wight comes into view. It is wielding a +0 flail.
You now have 3/30 mp.
Casting: Foxfire (safe; 1% risk of failure)
Confirm with . or Enter, or press ? or * to list all spells.
You conjure some foxfire!
The foxfire hits the wight but does no damage.
The wight is moderately damaged.
The foxfire hits the wight but does no damage.
The wight is moderately damaged.
You now have 2/30 mp.
The foxfire hits the wight.
The wight is heavily damaged.
The foxfire hits the wight.
The wight is severely damaged.
Things that are here:
a +2 war axe; a +0 robe; 18 gold pieces
Casting: Foxfire (safe; 1% risk of failure)
Confirm with . or Enter, or press ? or * to list all spells.
You conjure some foxfire!
The wight closely misses you.
The foxfire hits the wight.
The wight is almost destroyed.
The foxfire hits the wight but does no damage.
The wight is almost destroyed.
Things that are here:
a +2 short sword of freezing; a +0 robe
Casting: Foxfire (safe; 1% risk of failure)
Confirm with . or Enter, or press ? or * to list all spells.
You conjure some foxfire!
The wight hits you from afar with a +1 halberd of freezing!
You die...

.. .......#.....#.
#.##.#....##......
#).#.##..##.##....
#?)#........#....# .
###.......#=......##
.....z..
##.##..!......##.###
.........#...zz...####..#...
.............v).####
##..##..#
........##..@.###8# #.# ..#
.... #.v.##≈§_# .# ##
#..####..##≈§..# .o
##..#.)).#§≈§§§## ..
#........'...._8#
##....##.#≈§...##
#######.##≈≈..# #.h##≈≈_#
##..###8#


You could see 2 wights.

Vanquished Creatures
  A wyvern (D:7)
  Edmund (D:5)
  A sky beast (D:6)
  An ice beast (D:5)
  2 black bears
  An ogre (D:5)
  2 centaurs (D:7)
  A kobold brigand (D:6)
  2 bullfrogs
  2 necrophages
  3 scorpions
  16 wights
  5 howler monkeys
  3 hounds
  3 orc priests
  Ijyb (D:4)
  2 iguanas
  2 orc wizards (D:3)
  6 adders
  A worm (D:4)
  5 dart slugs
  18 orcs
  7 ball pythons
  2 endoplasms (D:4)
  A giant cockroach (D:4)
  7 goblins
  3 hobgoblins
  3 quokkas
  5 bats
  A frilled lizard (D:3)
  8 kobolds
  2 rats
118 creatures vanquished.

Vanquished Creatures (collateral kills)
  6 foxfires (D:3)
6 creatures vanquished.

Vanquished Creatures (others)
  557 foxfires
  2 fungi (D:3)
559 creatures vanquished.

Grand Total: 683 creatures vanquished

Notes
Turn   | Place    | Note
-------+----------+-------------------------------------------
     0 | D:1      | Psyclone the Deep Elf Fire Elementalist began the quest for
                  | the Orb.
     0 | D:1      | Reached XP level 1. HP: 10/10 MP: 6/6
    58 | D:2      | Found a faded altar of an unknown god.
    88 | D:2      | Identified a scroll of acquirement
    88 | D:2      | Acquired the ring "Gaklaom" {Fly rF- rN+++ Str+4 Int+6}
   835 | D:2      | Reached skill level 4 in Spellcasting
   835 | D:2      | Reached XP level 2. HP: 15/15 MP: 3/9
  1355 | D:2      | Found Weil's Book Boutique.
  1514 | D:3      | Reached skill level 5 in Spellcasting
  1514 | D:3      | Reached XP level 3. HP: 19/19 MP: 11/11
  1520 | D:3      | Reached skill level 6 in Spellcasting
  1520 | D:3      | Reached XP level 4. HP: 24/24 MP: 9/14
  1902 | D:3      | Found an ornate altar of the Wu Jian Council.
  2013 | D:3      | You are sucked into a shaft and drop 2 floors!
  2013 | D:5      | Entered Level 5 of the Dungeon
  2032 | D:5      | Noticed Edmund
  2032 | D:5      | Noticed a bullfrog
  2265 | D:4      | Reached skill level 1 in Poison Magic
  2306 | D:4      | Reached XP level 5. HP: 28/28 MP: 15/15
  2603 | D:3      | Found a runed translucent door.
  3222 | D:2      | Bought a Young Poisoner's Handbook for 200 gold pieces
  3225 | D:2      | Learned a level 2 spell: Poisonous Vapours
  3230 | D:2      | Learned a level 4 spell: Olgreb's Toxic Radiance
  3234 | D:2      | Learned a level 3 spell: Conjure Flame
  3238 | D:2      | Learned a level 3 spell: Inner Flame
  3544 | D:4      | Noticed Ijyb
  3555 | D:4      | Killed Ijyb
  3803 | D:4      | Reached skill level 1 in Fighting
  3803 | D:4      | Reached XP level 6. HP: 34/34 MP: 17/17
  3842 | D:4      | Acquired 835 gold pieces
  3876 | D:2      | Bought a Trismegistus Codex for 280 gold pieces
  3882 | D:2      | Learned a level 3 spell: Ignite Poison
  3884 | D:2      | Bought a book of Conjurations for 200 gold pieces
  3969 | D:4      | Reached skill level 1 in Transmutations
  4023 | D:4      | Found a sacrificial altar of Ru.
  4290 | D:4      | Found a white marble altar of Elyvilon.
  4338 | D:4      | Found a shimmering altar of Xom.
  4339 | D:4      | Found a hazy altar of Hepliaklqana.
  4380 | D:4      | Noticed a spectral ugly thing
  4711 | D:5      | Reached XP level 7. HP: 38/38 MP: 9/18
  4986 | D:5      | Reached skill level 5 in Poison Magic
  5188 | D:5      | Killed Edmund
  5610 | D:6      | Reached XP level 8. HP: 37/47 MP: 19/19
  5692 | D:6      | Found a hide-covered altar of Uskayaw.
  5764 | D:6      | Learned a level 3 spell: Mephitic Cloud
  5900 | D:6      | Reached skill level 5 in Fighting
  6119 | D:6      | Identified the +1 ring mail of Sorcery {Int+5}
  6786 | D:7      | Reached skill level 5 in Dodging
  6806 | D:7      | Reached XP level 9. HP: 46/55 MP: 17/20
  7095 | D:7      | Found an opulent altar of Gozag.
  7095 | D:7      | Found a stormy altar of Qazlal.
  7100 | D:7      | Found a shadowy altar of Dithmenos.
  7129 | D:7      | HP: 1/55 [wight/+4 great sword (19)]
  7135 | D:7      | Reached skill level 7 in Spellcasting
  7135 | D:7      | Reached skill level 5 in Transmutations
  7135 | D:7      | Reached skill level 5 in Fire Magic
  7163 | D:7      | Mangled by a wight

Illustrated notes

Levels and vault maps discovered:
D:1:      dpeg_arrival_lava_temple_mockup, layout_basic
D:2:      layout_loops_ring, shapermc_ecumenical_altar_starsandcircs,
          serial_shops, nicolae_shop_window_shopping
D:3:      layout_loops_ring, pdpol_wu_jian_five_deadly_venoms, corexii_shack,
          uniq_crazy_yiuf_cottage
D:4:      layout_basic, regret_index_temple_of_mockery, hangedman_ru_absence,
          lemuel_tele_altar, uniq_ijyb
D:5:      layout_loops_cross, uniq_edmund
D:6:      layout_cave_pods, amcnicky_altar_gilded
D:7:      layout_cave_pools, gammafunk_temple_overflow_claw,
          minmay_temple_entry_statues_pillars, serial_shops,
          nicolae_shop_statue_plus

Skill      XL: |  1  2  3  4  5  6  7  8  9 |
---------------+----------------------------+-----
Spellcasting   | 4 5 6 7 |  7.2
Fire Magic     | 4 5 |  5.2
Poison Magic   | 1 4 6 |  6.0
Fighting       | 1 3 6 |  6.0
Transmutations | 3 4 5 |  5.2
Dodging        | 5 6 |  6.0
Stealth        | |  2.4
Conjurations   | |  1.1

Action                   |  1- 3 |  4- 6 |  7- 9 || total
-------------------------+-------+-------+-------++-------
Melee: Unarmed           |       |     6 |       ||     6
 Cast: Foxfire           |    48 |   155 |   138 ||   341
       Poisonous Vapours |       |     4 |    15 ||    19
       Ignite Poison     |       |     2 |    14 ||    16
       Conjure Flame     |       |       |     3 ||     3
       Olgreb's Toxic Ra |       |       |     6 ||     6
       Mephitic Cloud    |       |       |     1 ||     1
  Use: Scroll            |     1 |     1 |     1 ||     3
Armor: Robe              |       |     2 |     2 ||     4
Dodge: Dodged            |       |    12 |    23 ||    35
